Workbook

Sheet 表紙
A3: 第52回筑波大学学園祭「雙峰祭」
A5: 二次予算
E8: 財務局 予算担当 小川 優羽

Sheet 目次
A1: 1.二次予算クロス集計
A2: 1.1収入の部
A3: 1.2支出の部(晴天時)
A4: 1.3支出の部(雨天時)
A6: 2.一次予算クロス集計
A7: 2.1収入の部
A8: 2.2支出の部(晴天時)
A9: 2.3支出の部(雨天時)
A11: 3.前年度決算クロス集計
A12: 3.1収入の部
A13: 3.2支出の部
A15: 4.一次予算との比較
... A27: 8.雨天時変更

Sheet 1.二次予算クロス集計
A1: 1.1収入の部
A2: 科目 | B2: 委員長団 | C2: 財務局 | D2: 総務局 | E2: 広報宣伝局 | F2: 渉外局 | G2: 推進局 | H2: 総合計画局 | I2: 情報メディアシステム局 | J2: ステージ管理局 | K2: 本部企画局 | L2: 全体
A3: 繰入金 | B3: 0 | C3: ='6.二次予算詳細収入の部'!C3 -> 7863717 | D3: 0 | E3: 0 | F3: 0 | G3: 0 | H3: 0 | I3: 0 | J3: 0 | K3: 0 | L3: =SUM(B3:K3) -> 7863717
A4: 利息 | B4: 0 | C4: ='6.二次予算詳細収入の部'!C4 -> 33359 | D4: 0 | E4: 0 | F4: ='6.二次予算詳細収入の部'!F4 -> 3540 | G4: 0 | H4: 0 | I4: 0 | J4: 0 | K4: 0 | L4: =SUM(B4:K4) -> 36899
A5: 学園祭学生分担金 | B5: 0 | C5: ='6.二次予算詳細収入の部'!C5 -> 5020725 | D5: 0 | E5: 0 | F5: 0 | G5: 0 | H5: 0 | I5: 0 | J5: 0 | K5: 0 | L5: =SUM(B5:K5) -> 5020725
A6: 構成員援助金 | B6: 0 | C6: 0 | D6: 0 | E6: 0 | F6: ='6.二次予算詳細収入の部'!F6 -> 987000 | G6: 0 | H6: 0 | I6: 0 | J6: 0 | K6: 0 | L6: =SUM(B6:K6) -> 987000
A7: 協賛金 | B7: 0 | C7: 0 | D7: 0 | E7: 0 | F7: ='6.二次予算詳細収入の部'!F7 -> 3006666 | G7: 0 | H7: 0 | I7: 0 | J7: 0 | K7: 0 | L7: =SUM(B7:K7) -> 3006666
A8: 筑波大学紫峰会基金 | B8: 0 | C8: ='6.二次予算詳細収入の部'!C8 -> 1000000 | D8: 0 | E8: 0 | F8: 0 | G8: 0 | H8: 0 | I8: 0 | J8: 0 | K8: 0 | L8: =SUM(B8:K8) -> 1000000
A9: 茗渓会援助金 | B9: 0 | C9: ='6.二次予算詳細収入の部'!C9 -> 100000 | D9: 0 | E9: 0 | F9: 0 | G9: 0 | H9: 0 | I9: 0 | J9: 0 | K9: 0 | L9: =SUM(B9:K9) -> 100000
A10: 雙峰祭公式グッズ販売 | B10: 0 | C10: 0 | D10: 0 | E10: ='6.二次予算詳細収入の部'!E10 -> 5213000 | F10: 0 | G10: 0 | H10: 0 | I10: 0 | J10: 0 | K10: 0 | L10: =SUM(B10:K10) -> 5213000
A11: 雙峰祭公式パンフレット販売 | B11: 0 | C11: 0 | D11: 0 | E11: ='6.二次予算詳細収入の部'!E11 -> 600000 | F11: 0 | G11: 0 | H11: 0 | I11: 0 | J11: 0 | K11: 0 | L11: =SUM(B11:K11) -> 600000
A12: 調理企画からの集金 | B12: 0 | C12: 0 | D12: 0 | E12: 0 | F12: 0 | G12: ='6.二次予算詳細収入の部'!G12 -> 1630000 | H12: 0 | I12: 0 | J12: 0 | K12: 0 | L12: =SUM(B12:K12) -> 1630000
A13: アーティスト招致企画チケット販売 | B13: 0 | C13: 0 | D13: 0 | E13: 0 | F13: 0 | G13: 0 | H13: 0 | I13: 0 | J13: 0 | K13: ='6.二次予算詳細収入の部'!K13 -> 593500 | L13: =SUM(B13:K13) -> 593500
A14: 謎解き脱出ゲーム参加費 | B14: 0 | C14: 0 | D14: 0 | E14: 0 | F14: 0 | G14: 0 | H14: 0 | I14: 0 | J14: 0 | K14: ='6.二次予算詳細収入の部'!K14 -> 160000 | L14: =SUM(B14:K14) -> 160000
A15: ステージ出演料 | B15: 0 | C15: 0 | D15: 0 | E15: 0 | F15: 0 | G15: 0 | H15: 0 | I15: 0 | J15: ='6.二次予算詳細収入の部'!J15 -> 351000 | K15: 0 | L15: =SUM(B15:K15) -> 351000
A16: プロモーション協力費 | B16: 0 | C16: 0 | D16: 0 | E16: 0 | F16: 0 | G16: 0 | H16: 0 | I16: 0 | J16: 0 | K16: ='6.二次予算詳細収入の部'!K16 -> 93587 | L16: =SUM(B16:K16) -> 93587
A17: 雑収入 | B17: 0 | C17: 0 | D17: 0 | E17: 0 | F17: 0 | G17: 0 | H17: 0 | I17: 0 | J17: 0 | K17: 0 | L17: =SUM(B17:K17) -> 0
A18: 合計 | B18: =SUM(B3:B17) -> 0 | C18: =SUM(C3:C17) -> 14017801 | D18: =SUM(D3:D17) -> 0 | E18: =SUM(E3:E17) -> 5813000 | F18: =SUM(F3:F17) -> 3997206 | G18: =SUM(G3:G17) -> 1630000 | H18: =SUM(H3:H17) -> 0 | I18: =SUM(I3:I17) -> 0 | ... K18: =SUM(K3:K17) -> 847087 | L18: =SUM(B18:K18) -> 26656094
A20: 1.2支出の部 (晴天時)
A21: 科目 | B21: 委員長団 | C21: 財務局 | D21: 総務局 | E21: 広報宣伝局 | F21: 渉外局 | G21: 推進局 | H21: 総合計画局 | I21: 情報メディアシステム局 | J21: ステージ管理局 | K21: 本部企画局 | L21: 全体
A22: 消耗品器具費 | B22: 0 | C22: ='7.二次予算詳細支出の部'!G39 -> 15000 | D22: 0 | E22: ='7.二次予算詳細支出の部'!G65 -> 10990 | F22: ='7.二次予算詳細支出の部'!G127 -> 20040 | G22: ='7.二次予算詳細支出の部'!G165 -> 1776234 | H22: ='7.二次予算詳細支出の部'!G212 -> 202118 | I22: ='7.二次予算詳細支出の部'!G268 -> 498523 | J22: ='7.二次予算詳細支出の部'!G346 -> 5990 | K22: ='7.二次予算詳細支出の部'!G413+'7.二次予算詳細支出の部'!G474+'7.二次予算詳細支出の部'!G502+'7.二次予算詳細支出の部'!G535 -> 112528 | L22: =SUM(B22:K22) -> 2641423
A23: 通信運搬費 | B23: ='7.二次予算詳細支出の部'!G4 -> 25300 | C23: 0 | D23: 0 | E23: ='7.二次予算詳細支出の部'!G73 -> 432354 | F23: 0 | G23: 0 | H23: ='7.二次予算詳細支出の部'!G217 -> 40450 | I23: ='7.二次予算詳細支出の部'!G284 -> 188710 | J23: 0 | K23: ='7.二次予算詳細支出の部'!G507 -> 2320 | L23: =SUM(B23:K23) -> 689134
A24: 交通費 | B24: 0 | C24: 0 | D24: 0 | E24: 0 | F24: ='7.二次予算詳細支出の部'!G132 -> 79795 | G24: ='7.二次予算詳細支出の部'!G171 -> 13825 | H24: 0 | I24: 0 | J24: ='7.二次予算詳細支出の部'!G351 -> 9336 | K24: ='7.二次予算詳細支出の部'!G420+'7.二次予算詳細支出の部'!G478+'7.二次予算詳細支出の部'!G511+'7.二次予算詳細支出の部'!G539 -> 66970 | L24: =SUM(B24:K24) -> 169926
A25: 賃借料 | B25: ='7.二次予算詳細支出の部'!G21 -> 110220 | C25: 0 | D25: 0 | E25: ='7.二次予算詳細支出の部'!G77 -> 1099 | F25: 0 | G25: ='7.二次予算詳細支出の部'!G178 -> 155340 | H25: ='7.二次予算詳細支出の部'!G221 -> 36960 | I25: ='7.二次予算詳細支出の部'!G311 -> 971732 | J25: ='7.二次予算詳細支出の部'!G356 -> 69240 | K25: ='7.二次予算詳細支出の部'!G424 -> 24790 | L25: =SUM(B25:K25) -> 1369381
A26: 外注費 | B26: 0 | C26: 0 | D26: 0 | E26: ='7.二次予算詳細支出の部'!G92 -> 3558500 | F26: 0 | G26: ='7.二次予算詳細支出の部'!G184 -> 176300 | H26: ='7.二次予算詳細支出の部'!G227 -> 282420 | I26: 0 | J26: ='7.二次予算詳細支出の部'!G373 -> 5511900 | K26: ='7.二次予算詳細支出の部'!G543 -> 100000 | L26: =SUM(B26:K26) -> 9629120
A27: 謝礼費 | B27: 0 | C27: 0 | D27: 0 | E27: ='7.二次予算詳細支出の部'!G96 -> 1000 | F27: 0 | G27: ='7.二次予算詳細支出の部'!G188 -> 2700 | H27: 0 | I27: 0 | J27: ='7.二次予算詳細支出の部'!G384 -> 196310 | K27: ='7.二次予算詳細支出の部'!G430+'7.二次予算詳細支出の部'!G483+'7.二次予算詳細支出の部'!G547 -> 1771510 | L27: =SUM(B27:K27) -> 1971520
A28: 広告宣伝費 | B28: 0 | C28: 0 | D28: 0 | E28: ='7.二次予算詳細支出の部'!G105 -> 1205510 | F28: 0 | G28: 0 | H28: 0 | I28: 0 | J28: 0 | K28: 0 | L28: =SUM(B28:K28) -> 1205510
A29: 支払保険料 | B29: 0 | C29: ='7.二次予算詳細支出の部'!G48 -> 380640 | D29: 0 | E29: 0 | F29: 0 | G29: 0 | H29: 0 | I29: 0 | J29: 0 | K29: ='7.二次予算詳細支出の部'!G434 -> 11000 | L29: =SUM(B29:K29) -> 391640
A30: 支払手数料 | B30: ='7.二次予算詳細支出の部'!G27 -> 1595 | C30: ='7.二次予算詳細支出の部'!G53 -> 205800 | D30: 0 | E30: ='7.二次予算詳細支出の部'!G115 -> 2057 | F30: ='7.二次予算詳細支出の部'!G136 -> 330 | G30: ='7.二次予算詳細支出の部'!G195 -> 1320 | H30: ='7.二次予算詳細支出の部'!G233 -> 1056 | I30: ='7.二次予算詳細支出の部'!G319 -> 2906 | J30: ='7.二次予算詳細支出の部'!G395 -> 9055 | K30: ='7.二次予算詳細支出の部'!G438+'7.二次予算詳細支出の部'!G552 -> 550 | L30: =SUM(B30:K30) -> 224669
A31: 雑費 | B31: ='7.二次予算詳細支出の部'!G32 -> 4200 | C31: 0 | D31: 0 | E31: ='7.二次予算詳細支出の部'!G120 -> 23920 | F31: ='7.二次予算詳細支出の部'!G146 -> 27040 | G31: ='7.二次予算詳細支出の部'!G203 -> 54300 | H31: 0 | I31: ='7.二次予算詳細支出の部'!G336 -> 152838 | J31: ='7.二次予算詳細支出の部'!G401 -> 45540 | K31: ='7.二次予算詳細支出の部'!G444+'7.二次予算詳細支出の部'!G492+'7.二次予算詳細支出の部'!G515+'7.二次予算詳細支出の部'!G561 -> 160413 | L31: =SUM(B31:K31) -> 468251
A32: 予備費 | B32: 0 | C32: ='7.二次予算詳細支出の部'!G57 -> 7895520 | D32: 0 | E32: 0 | F32: 0 | G32: 0 | H32: 0 | I32: 0 | J32: 0 | K32: 0 | L32: =SUM(B32:K32) -> 7895520
A33: 合計 | B33: =SUM(B22:B32) -> 141315 | C33: =SUM(C22:C32) -> 8496960 | D33: =SUM(D22:D32) -> 0 | E33: =SUM(E22:E32) -> 5235430 | F33: =SUM(F22:F32) -> 127205 | G33: =SUM(G22:G32) -> 2180019 | H33: =SUM(H22:H32) -> 563004 | I33: =SUM(I22:I32) -> 1814709 | ... K33: =SUM(K22:K32) -> 2250081 | L33: =SUM(B33:K33) -> 26656094
A35: 1.3支出の部(雨天時)
A36: 科目 | B36: 委員長団 | C36: 財務局 | D36: 総務局 | E36: 広報宣伝局 | F36: 渉外局 | G36: 推進局 | H36: 総合計画局 | I36: 情報メディアシステム局 | J36: ステージ管理局 | K36: 本部企画局 | L36: 全体
A37: 消耗品器具費 | B37: 0 | C37: =C22 -> 15000 | D37: 0 | E37: =E22 -> 10990 | F37: =F22 -> 20040 | G37: =G22 -> 1776234 | H37: =H22 -> 202118 | I37: =I22 -> 498523 | J37: =J22 -> 5990 | K37: =K22 -> 112528 | L37: =SUM(B37:K37) -> 2641423
A38: 通信運搬費 | B38: =B23 -> 25300 | C38: 0 | D38: 0 | E38: =E23 -> 432354 | F38: 0 | G38: 0 | H38: =H23 -> 40450 | I38: =I23 -> 188710 | J38: 0 | K38: =K23 -> 2320 | L38: =SUM(B38:K38) -> 689134
A39: 交通費 | B39: 0 | C39: 0 | D39: 0 | E39: 0 | F39: =F24 -> 79795 | G39: =G24 -> 13825 | H39: 0 | I39: 0 | J39: =J24 -> 9336 | K39: =K24 -> 66970 | L39: =SUM(B39:K39) -> 169926
A40: 賃借料 | B40: =B25 -> 110220 | C40: 0 | D40: 0 | E40: =E25 -> 1099 | F40: 0 | G40: =G25 -> 155340 | H40: =H25 -> 36960 | I40: =I25 -> 971732 | J40: =J25 -> 69240 | K40: =K25 -> 24790 | L40: =SUM(B40:K40) -> 1369381
A41: 外注費 | B41: 0 | C41: 0 | D41: 0 | E41: =E26 -> 3558500 | F41: 0 | G41: =G26 -> 176300 | H41: =H26 -> 282420 | I41: 0 | J41: =J26 -> 5511900 | K41: =K26 -> 100000 | L41: =SUM(B41:K41) -> 9629120
A42: 謝礼費 | B42: 0 | C42: 0 | D42: 0 | E42: =E27 -> 1000 | F42: 0 | G42: =G27 -> 2700 | H42: 0 | I42: 0 | J42: =J27 -> 196310 | K42: =K27 -> 1771510 | L42: =SUM(B42:K42) -> 1971520
A43: 広告宣伝費 | B43: 0 | C43: 0 | D43: 0 | E43: =E28 -> 1205510 | F43: 0 | G43: 0 | H43: 0 | I43: 0 | J43: 0 | K43: 0 | L43: =SUM(B43:K43) -> 1205510
A44: 支払保険料 | B44: 0 | C44: =C29 -> 380640 | D44: 0 | E44: 0 | F44: 0 | G44: 0 | H44: 0 | I44: 0 | J44: 0 | K44: =K29 -> 11000 | L44: =SUM(B44:K44) -> 391640
A45: 支払手数料 | B45: =B30 -> 1595 | C45: =C30 -> 205800 | D45: 0 | E45: =E30 -> 2057 | F45: =F30 -> 330 | G45: =G30 -> 1320 | H45: =H30 -> 1056 | I45: =I30 -> 2906 | J45: =J30 -> 9055 | K45: =K30 -> 550 | L45: =SUM(B45:K45) -> 224669
A46: 雑費 | B46: =B31 -> 4200 | C46: 0 | D46: 0 | E46: =E31 -> 23920 | F46: =F31 -> 27040 | G46: =G31 -> 54300 | H46: 0 | I46: =I31 -> 152838 | J46: =J31 -> 45540 | K46: =K31 -> 160413 | L46: =SUM(B46:K46) -> 468251
A47: 予備費 | B47: 0 | C47: =C32 -> 7895520 | D47: 0 | E47: 0 | F47: 0 | G47: 0 | H47: 0 | I47: 0 | J47: 0 | K47: 0 | L47: =SUM(B47:K47) -> 7895520
A48: 合計 | B48: =SUM(B37:B47) -> 141315 | C48: =SUM(C37:C47) -> 8496960 | D48: =SUM(D37:D47) -> 0 | E48: =SUM(E37:E47) -> 5235430 | F48: =SUM(F37:F47) -> 127205 | G48: =SUM(G37:G47) -> 2180019 | H48: =SUM(H37:H47) -> 563004 | I48: =SUM(I37:I47) -> 1814709 | ... K48: =SUM(K37:K47) -> 2250081 | L48: =SUM(B48:K48) -> 26656094

Sheet 2.一次予算クロス集計
A1: 2.1収入の部
A2: 科目 | B2: 委員長団 | C2: 財務局 | D2: 総務局 | E2: 広報宣伝局 | F2: 渉外局 | G2: 推進局 | H2: 総合計画局 | I2: 情報メディアシステム局 | J2: ステージ管理局 | K2: 本部企画局 | L2: 全体
A3: 繰入金 | B3: 0 | C3: 7863717 | D3: 0 | E3: 0 | F3: 0 | G3: 0 | H3: 0 | I3: 0 | J3: 0 | K3: 0 | L3: =SUM(B3:K3) -> 7863717
A4: 利息 | B4: 0 | C4: 21469 | D4: 0 | E4: 0 | F4: 3540 | G4: 0 | H4: 0 | I4: 0 | J4: 0 | K4: 0 | L4: =SUM(B4:K4) -> 25009
A5: 学園祭学生分担金 | B5: 0 | C5: 5020725 | D5: 0 | E5: 0 | F5: 0 | G5: 0 | H5: 0 | I5: 0 | J5: 0 | K5: 0 | L5: =SUM(B5:K5) -> 5020725
A6: 構成員援助金 | B6: 0 | C6: 0 | D6: 0 | E6: 0 | F6: 1041533 | G6: 0 | H6: 0 | I6: 0 | J6: 0 | K6: 0 | L6: =SUM(B6:K6) -> 1041533
A7: 協賛金 | B7: 0 | C7: 0 | D7: 0 | E7: 0 | F7: 3036666 | G7: 0 | H7: 0 | I7: 0 | J7: 0 | K7: 0 | L7: =SUM(B7:K7) -> 3036666
A8: 筑波大学紫峰会基金 | B8: 0 | C8: 1000000 | D8: 0 | E8: 0 | F8: 0 | G8: 0 | H8: 0 | I8: 0 | J8: 0 | K8: 0 | L8: =SUM(B8:K8) -> 1000000
A9: 茗渓会援助金 | B9: 0 | C9: 100000 | D9: 0 | E9: 0 | F9: 0 | G9: 0 | H9: 0 | I9: 0 | J9: 0 | K9: 0 | L9: =SUM(B9:K9) -> 100000
A10: 雙峰祭公式グッズ販売 | B10: 0 | C10: 0 | D10: 0 | E10: 5213000 | F10: 0 | G10: 0 | H10: 0 | I10: 0 | J10: 0 | K10: 0 | L10: =SUM(B10:K10) -> 5213000
A11: 雙峰祭公式パンフレット販売 | B11: 0 | C11: 0 | D11: 0 | E11: 600000 | F11: 0 | G11: 0 | H11: 0 | I11: 0 | J11: 0 | K11: 0 | L11: =SUM(B11:K11) -> 600000
A12: 調理企画からの集金 | B12: 0 | C12: 0 | D12: 0 | E12: 0 | F12: 0 | G12: 1450000 | H12: 0 | I12: 0 | J12: 0 | K12: 0 | L12: =SUM(B12:K12) -> 1450000
A13: アーティスト招致企画チケット販売 | B13: 0 | C13: 0 | D13: 0 | E13: 0 | F13: 0 | G13: 0 | H13: 0 | I13: 0 | J13: 0 | K13: 593500 | L13: =SUM(B13:K13) -> 593500
A14: 謎解き脱出ゲーム参加費 | B14: 0 | C14: 0 | D14: 0 | E14: 0 | F14: 0 | G14: 0 | H14: 0 | I14: 0 | J14: 0 | K14: 140000 | L14: =SUM(B14:K14) -> 140000
... A17: 雑収入 | B17: 0 | C17: 0 | D17: 0 | E17: 0 | F17: 0 | G17: 0 | H17: 0 | I17: 0 | J17: 0 | K17: 0 | L17: =SUM(B17:K17) -> 0
A18: 合計 | B18: =SUM(B3:B17) -> 0 | C18: =SUM(C3:C17) -> 14005911 | D18: =SUM(D3:D17) -> 0 | E18: =SUM(E3:E17) -> 5813000 | F18: =SUM(F3:F17) -> 4081739 | G18: =SUM(G3:G17) -> 1450000 | H18: =SUM(H3:H17) -> 0 | I18: =SUM(I3:I17) -> 0 | ... K18: =SUM(K3:K17) -> 827357 | L18: =SUM(B18:K18) -> 26538007
A20: 2.2支出の部(晴天時)
A21: 科目 | B21: 委員長団 | C21: 財務局 | D21: 総務局 | E21: 広報宣伝局 | F21: 渉外局 | G21: 推進局 | H21: 総合計画局 | I21: 情報メディアシステム局 | J21: ステージ管理局 | K21: 本部企画局 | L21: 全体
A22: 消耗品器具費 | B22: 31900 | C22: 14940 | D22: 0 | E22: 10990 | F22: 20040 | G22: 1884044 | H22: 0 | I22: 509599 | J22: 5990 | K22: 101925 | L22: =SUM(B22:K22) -> 2579428
A23: 通信運搬費 | B23: 0 | C23: 0 | D23: 0 | E23: 437114 | F23: 0 | G23: 0 | H23: 98706 | I23: 208950 | J23: 0 | K23: 2320 | L23: =SUM(B23:K23) -> 747090
A24: 交通費 | B24: 0 | C24: 0 | D24: 0 | E24: 0 | F24: 83605 | G24: 13825 | H24: 0 | I24: 0 | J24: 10000 | K24: 91350 | L24: =SUM(B24:K24) -> 198780
A25: 賃借料 | B25: 109980 | C25: 0 | D25: 0 | E25: 1245 | F25: 0 | G25: 135140 | H25: 36960 | I25: 969332 | J25: 79200 | K25: 636390 | L25: =SUM(B25:K25) -> 1968247
A26: 外注費 | B26: 0 | C26: 0 | D26: 0 | E26: 3558500 | F26: 0 | G26: 149700 | H26: 278000 | I26: 0 | J26: 5514900 | K26: 100000 | L26: =SUM(B26:K26) -> 9601100
A27: 謝礼費 | B27: 0 | C27: 0 | D27: 0 | E27: 1000 | F27: 0 | G27: 3000 | H27: 0 | I27: 0 | J27: 191310 | K27: 1767510 | L27: =SUM(B27:K27) -> 1962820
A28: 広告宣伝費 | B28: 0 | C28: 0 | D28: 0 | E28: 1216140 | F28: 0 | G28: 0 | H28: 0 | I28: 0 | J28: 0 | K28: 0 | L28: =SUM(B28:K28) -> 1216140
A29: 支払保険料 | B29: 0 | C29: 380640 | D29: 0 | E29: 0 | F29: 0 | G29: 0 | H29: 0 | I29: 0 | J29: 0 | K29: 11000 | L29: =SUM(B29:K29) -> 391640
A30: 支払手数料 | B30: 1265 | C30: 205800 | D30: 0 | E30: 4317 | F30: 330 | G30: 3300 | H30: 1100 | I30: 3142 | J30: 9990 | K30: 1320 | L30: =SUM(B30:K30) -> 230564
A31: 雑費 | B31: 4200 | C31: 0 | D31: 0 | E31: 23920 | F31: 21040 | G31: 47080 | H31: 0 | I31: 120578 | J31: 46665 | K31: 211357 | L31: =SUM(B31:K31) -> 474840
A32: 予備費 | B32: 0 | C32: 7167358 | D32: 0 | E32: 0 | F32: 0 | G32: 0 | H32: 0 | I32: 0 | J32: 0 | K32: 0 | L32: =SUM(B32:K32) -> 7167358
A33: 合計 | B33: =SUM(B22:B32) -> 147345 | C33: =SUM(C22:C32) -> 7768738 | D33: =SUM(D22:D32) -> 0 | E33: =SUM(E22:E32) -> 5253226 | F33: =SUM(F22:F32) -> 125015 | G33: =SUM(G22:G32) -> 2236089 | H33: =SUM(H22:H32) -> 414766 | I33: =SUM(I22:I32) -> 1811601 | ... K33: =SUM(K22:K32) -> 2923172 | L33: =SUM(B33:K33) -> 26538007
A35: 2.3支出の部(雨天時)
A36: 科目 | B36: 委員長団 | C36: 財務局 | D36: 総務局 | E36: 広報宣伝局 | F36: 渉外局 | G36: 推進局 | H36: 総合計画局 | I36: 情報メディアシステム局 | J36: ステージ管理局 | K36: 本部企画局 | L36: 全体
A37: 消耗品器具費 | B37: 31900 | C37: 14940 | D37: 0 | E37: 10990 | F37: 20040 | G37: 1884044 | H37: 0 | I37: 509599 | J37: 5990 | K37: 101925 | L37: =SUM(B37:K37) -> 2579428
A38: 通信運搬費 | B38: 0 | C38: 0 | D38: 0 | E38: 437114 | F38: 0 | G38: 0 | H38: 98706 | I38: 208950 | J38: 0 | K38: 2320 | L38: =SUM(B38:K38) -> 747090
A39: 交通費 | B39: 0 | C39: 0 | D39: 0 | E39: 0 | F39: 83605 | G39: 13825 | H39: 0 | I39: 0 | J39: 10000 | K39: 91350 | L39: =SUM(B39:K39) -> 198780
A40: 賃借料 | B40: 109980 | C40: 0 | D40: 0 | E40: 1245 | F40: 0 | G40: 135140 | H40: 36960 | I40: 969332 | J40: 79200 | K40: 636390 | L40: =SUM(B40:K40) -> 1968247
A41: 外注費 | B41: 0 | C41: 0 | D41: 0 | E41: 3558500 | F41: 0 | G41: 149700 | H41: 278000 | I41: 0 | J41: 5514900 | K41: 100000 | L41: =SUM(B41:K41) -> 9601100
A42: 謝礼費 | B42: 0 | C42: 0 | D42: 0 | E42: 1000 | F42: 0 | G42: 3000 | H42: 0 | I42: 0 | J42: 191310 | K42: 1767510 | L42: =SUM(B42:K42) -> 1962820
A43: 広告宣伝費 | B43: 0 | C43: 0 | D43: 0 | E43: 1216140 | F43: 0 | G43: 0 | H43: 0 | I43: 0 | J43: 0 | K43: 0 | L43: =SUM(B43:K43) -> 1216140
A44: 支払保険料 | B44: 0 | C44: 380640 | D44: 0 | E44: 0 | F44: 0 | G44: 0 | H44: 0 | I44: 0 | J44: 0 | K44: 11000 | L44: =SUM(B44:K44) -> 391640
A45: 支払手数料 | B45: 1265 | C45: 205800 | D45: 0 | E45: 4317 | F45: 330 | G45: 3300 | H45: 1100 | I45: 3142 | J45: 9990 | K45: 1320 | L45: =SUM(B45:K45) -> 230564
A46: 雑費 | B46: 4200 | C46: 0 | D46: 0 | E46: 23920 | F46: 21040 | G46: 47080 | H46: 0 | I46: 120578 | J46: 46665 | K46: 211357 | L46: =SUM(B46:K46) -> 474840
A47: 予備費 | B47: 0 | C47: 7167358 | D47: 0 | E47: 0 | F47: 0 | G47: 0 | H47: 0 | I47: 0 | J47: 0 | K47: 0 | L47: =SUM(B47:K47) -> 7167358
A48: 合計 | B48: =SUM(B37:B47) -> 147345 | C48: =SUM(C37:C47) -> 7768738 | D48: =SUM(D37:D47) -> 0 | E48: =SUM(E37:E47) -> 5253226 | F48: =SUM(F37:F47) -> 125015 | G48: =SUM(G37:G47) -> 2236089 | H48: =SUM(H37:H47) -> 414766 | I48: =SUM(I37:I47) -> 1811601 | ... K48: =SUM(K37:K47) -> 2923172 | L48: =SUM(B48:K48) -> 26538007

Sheet 3.前年度決算クロス集計
A1: 3.1収入の部
A2: 科目 | B2: 委員長団 | C2: 財務局 | D2: 総務局 | E2: 広報宣伝局 | F2: 渉外局 | G2: 推進局 | H2: 総合計画局 | I2: 情報メディアシステム局 | J2: ステージ管理局 | K2: 本部企画局 | L2: 全体
A3: 繰入金 | B3: 0 | C3: 6671141 | D3: 0 | E3: 0 | F3: 0 | G3: 0 | H3: 0 | I3: 0 | J3: 0 | K3: 0 | L3: =SUM(B3:K3) -> 6671141
A4: 利息 | B4: 0 | C4: 16794 | D4: 0 | E4: 0 | F4: 3540 | G4: 0 | H4: 0 | I4: 0 | J4: 0 | K4: 0 | L4: =SUM(B4:K4) -> 20334
A5: 学園祭学生分担金 | B5: 0 | C5: 5126781 | D5: 0 | E5: 0 | F5: 0 | G5: 0 | H5: 0 | I5: 0 | J5: 0 | K5: 0 | L5: =SUM(B5:K5) -> 5126781
A6: 構成員援助金 | B6: 0 | C6: 0 | D6: 0 | E6: 0 | F6: 983000 | G6: 0 | H6: 0 | I6: 0 | J6: 0 | K6: 0 | L6: =SUM(B6:K6) -> 983000
A7: 協賛金 | B7: 0 | C7: 0 | D7: 0 | E7: 0 | F7: 3745227 | G7: 0 | H7: 0 | I7: 0 | J7: 0 | K7: 0 | L7: =SUM(B7:K7) -> 3745227
A8: 筑波大学紫峰会基金 | B8: 0 | C8: 1000000 | D8: 0 | E8: 0 | F8: 0 | G8: 0 | H8: 0 | I8: 0 | J8: 0 | K8: 0 | L8: =SUM(B8:K8) -> 1000000
A9: 茗渓会援助金 | B9: 0 | C9: 100000 | D9: 0 | E9: 0 | F9: 0 | G9: 0 | H9: 0 | I9: 0 | J9: 0 | K9: 0 | L9: =SUM(B9:K9) -> 100000
A10: 雙峰祭公式グッズ販売 | B10: 0 | C10: 0 | D10: 0 | E10: 2647900 | F10: 0 | G10: 0 | H10: 0 | I10: 0 | J10: 0 | K10: 0 | L10: =SUM(B10:K10) -> 2647900
A11: 雙峰祭公式パンフレット販売 | B11: 0 | C11: 0 | D11: 0 | E11: 655400 | F11: 0 | G11: 0 | H11: 0 | I11: 0 | J11: 0 | K11: 0 | L11: =SUM(B11:K11) -> 655400
A12: 調理企画からの集金 | B12: 0 | C12: 0 | D12: 0 | E12: 0 | F12: 0 | G12: 1336000 | H12: 0 | I12: 0 | J12: 0 | K12: 0 | L12: =SUM(B12:K12) -> 1336000
A13: アーティスト招致企画チケット販売 | B13: 0 | C13: 0 | D13: 0 | E13: 0 | F13: 0 | G13: 0 | H13: 0 | I13: 0 | J13: 0 | K13: 418094 | L13: =SUM(B13:K13) -> 418094
A14: 謎解き脱出ゲーム参加費 | B14: 0 | C14: 0 | D14: 0 | E14: 0 | F14: 0 | G14: 0 | H14: 0 | I14: 0 | J14: 0 | K14: 183400 | L14: =SUM(B14:K14) -> 183400
... A17: 雑収入 | B17: 0 | C17: 0 | D17: 0 | E17: 0 | F17: 199041 | G17: 0 | H17: 0 | I17: 0 | J17: 0 | K17: 191000 | L17: =SUM(B17:K17) -> 390041
A18: 合計 | B18: =SUM(B3:B17) -> 0 | C18: =SUM(C3:C17) -> 12914716 | D18: =SUM(D3:D17) -> 0 | E18: =SUM(E3:E17) -> 3303300 | F18: =SUM(F3:F17) -> 4930808 | G18: =SUM(G3:G17) -> 1336000 | H18: =SUM(H3:H17) -> 0 | I18: =SUM(I3:I17) -> 0 | ... K18: =SUM(K3:K17) -> 937494 | L18: =SUM(B18:K18) -> 23704318
A20: 3.2支出の部
A21: 科目 | B21: 委員長団 | C21: 財務局 | D21: 総務局 | E21: 広報宣伝局 | F21: 渉外局 | G21: 推進局 | H21: 総合計画局 | I21: 情報メディアシステム局 | J21: ステージ管理局 | K21: 本部企画局 | L21: 全体
A22: 消耗品器具費 | B22: 59670 | C22: 48910 | D22: 0 | E22: 0 | F22: 9400 | G22: 1639868 | H22: 8123 | I22: 137601 | J22: 7187 | K22: 83195 | L22: =SUM(B22:K22) -> 1993954
A23: 通信運搬費 | B23: 0 | C23: 0 | D23: 0 | E23: 234732 | F23: 0 | G23: 17380 | H23: 14940 | I23: 91751 | J23: 0 | K23: 0 | L23: =SUM(B23:K23) -> 358803
A24: 交通費 | B24: 0 | C24: 0 | D24: 0 | E24: 0 | F24: 2620 | G24: 0 | H24: 0 | I24: 0 | J24: 6542 | K24: 48100 | L24: =SUM(B24:K24) -> 57262
A25: 賃借料 | B25: 108912 | C25: 0 | D25: 0 | E25: 0 | F25: 0 | G25: 118400 | H25: 0 | I25: 716162 | J25: 140800 | K25: 0 | L25: =SUM(B25:K25) -> 1084274
A26: 外注費 | B26: 0 | C26: 0 | D26: 0 | E26: 2119700 | F26: 0 | G26: 128700 | H26: 198000 | I26: 0 | J26: 5299173 | K26: 825 | L26: =SUM(B26:K26) -> 7746398
A27: 謝礼費 | B27: 0 | C27: 0 | D27: 0 | E27: 3000 | F27: 0 | G27: 2592 | H27: 0 | I27: 0 | J27: 187303 | K27: 2359482 | L27: =SUM(B27:K27) -> 2552377
A28: 広告宣伝費 | B28: 0 | C28: 0 | D28: 0 | E28: 1296544 | F28: 0 | G28: 0 | H28: 0 | I28: 0 | J28: 0 | K28: 0 | L28: =SUM(B28:K28) -> 1296544
A29: 支払保険料 | B29: 0 | C29: 206579 | D29: 0 | E29: 0 | F29: 0 | G29: 0 | H29: 0 | I29: 0 | J29: 0 | K29: 0 | L29: =SUM(B29:K29) -> 206579
A30: 支払手数料 | B30: 2651 | C30: 15180 | D30: 0 | E30: 2200 | F30: 211538 | G30: 2640 | H30: 550 | I30: 1100 | J30: 10450 | K30: 1650 | L30: =SUM(B30:K30) -> 247959
A31: 雑費 | B31: 3393 | C31: 0 | D31: 0 | E31: 23470 | F31: 30470 | G31: 41190 | H31: 220 | I31: 51929 | J31: 46365 | K31: 94954 | L31: =SUM(B31:K31) -> 291991
A32: 雑損益 | B32: 0 | C32: 0 | D32: 0 | E32: 4460 | F32: 0 | G32: 0 | H32: 0 | I32: 0 | J32: 0 | K32: 0 | L32: =SUM(B32:K32) -> 4460
A33: 予備費 | B33: 0 | C33: 7863717 | D33: 0 | E33: 0 | F33: 0 | G33: 0 | H33: 0 | I33: 0 | J33: 0 | K33: 0 | L33: =SUM(B33:K33) -> 7863717
A34: 合計 | B34: =SUM(B22:B33) -> 174626 | C34: =SUM(C22:C33) -> 8134386 | D34: =SUM(D22:D33) -> 0 | E34: =SUM(E22:E33) -> 3684106 | F34: =SUM(F22:F33) -> 254028 | G34: =SUM(G22:G33) -> 1950770 | H34: =SUM(H22:H33) -> 221833 | I34: =SUM(I22:I33) -> 998543 | ... K34: =SUM(K22:K33) -> 2588206 | L34: =SUM(B34:K34) -> 23704318

Sheet 4.一次予算との比較
A1: 4.1収入の部
A2: 科目 | B2: 二次予算 | C2: 一次予算 | D2: (二次予算)－(一次予算)
A3: 利息 | B3: ='1.二次予算クロス集計'!L4 -> 36899 | C3: ='2.一次予算クロス集計'!L4 -> 25009 | D3: =B3-C3 -> 11890
A4: 学園祭学生分担金 | B4: ='1.二次予算クロス集計'!L5 -> 5020725 | C4: ='2.一次予算クロス集計'!L5 -> 5020725 | D4: =B4-C4 -> 0
A5: 構成員援助金 | B5: ='1.二次予算クロス集計'!L6 -> 987000 | C5: ='2.一次予算クロス集計'!L6 -> 1041533 | D5: =B5-C5 -> -54533
A6: 協賛金 | B6: ='1.二次予算クロス集計'!L7 -> 3006666 | C6: ='2.一次予算クロス集計'!L7 -> 3036666 | D6: =B6-C6 -> -30000
A7: 筑波大学紫峰会基金 | B7: ='1.二次予算クロス集計'!L8 -> 1000000 | C7: ='2.一次予算クロス集計'!L8 -> 1000000 | D7: =B7-C7 -> 0
A8: 茗渓会援助金 | B8: ='1.二次予算クロス集計'!L9 -> 100000 | C8: ='2.一次予算クロス集計'!L9 -> 100000 | D8: =B8-C8 -> 0
A9: 雙峰祭公式グッズ販売 | B9: ='1.二次予算クロス集計'!L10 -> 5213000 | C9: ='2.一次予算クロス集計'!L10 -> 5213000 | D9: =B9-C9 -> 0
A10: 雙峰祭公式パンフレット販売 | B10: ='1.二次予算クロス集計'!L11 -> 600000 | C10: ='2.一次予算クロス集計'!L11 -> 600000 | D10: =B10-C10 -> 0
A11: 調理企画からの集金 | B11: ='1.二次予算クロス集計'!L12 -> 1630000 | C11: ='2.一次予算クロス集計'!L12 -> 1450000 | D11: =B11-C11 -> 180000
A12: アーティスト招致企画チケット販売 | B12: ='1.二次予算クロス集計'!L13 -> 593500 | C12: ='2.一次予算クロス集計'!L13 -> 593500 | D12: =B12-C12 -> 0
A13: 謎解き脱出ゲーム参加費 | B13: ='1.二次予算クロス集計'!L14 -> 160000 | C13: ='2.一次予算クロス集計'!L14 -> 140000 | D13: =B13-C13 -> 20000
A14: ステージ出演料 | B14: ='1.二次予算クロス集計'!L15 -> 351000 | C14: ='2.一次予算クロス集計'!L15 -> 360000 | D14: =B14-C14 -> -9000
... A16: 雑収入 | B16: ='1.二次予算クロス集計'!L17 -> 0 | C16: ='2.一次予算クロス集計'!L17 -> 0 | D16: =B16-C16 -> 0
A18: 収入の部比較詳細
A19: 利息 | B19: 増額 | C19: 預金額が増加したため
A20: 学園祭学生分担金 | B20: 同額 | C20: 一次予算と同様の計算で算出しているため
A21: 構成員援助金 | B21: 減額 | C21: 一次予算時点での想定と異なり現時点での状況を踏まえたため
A22: 協賛金 | B22: 減額 | C22: 一次予算時点での想定と異なり現時点での状況を踏まえたため
A23: 筑波大学紫峰会基金 | B23: 同額 | C23: 一次予算と同様
A24: 茗渓会援助金 | B24: 同額 | C24: 一次予算と同様
A25: 雙峰祭公式グッズ販売 | B25: 同額 | C25: 価格、販売数に変更がないため
A26: 雙峰祭公式パンフレット販売 | B26: 同額 | C26: 価格、販売数に変更がないため
A27: 調理企画からの集金 | B27: 増額 | C27: 企画が確定し、集金額が確定したため
A28: アーティスト招致企画チケット販売 | B28: 同額 | C28: 価格、販売数に変更がないため
A29: 謎解き脱出ゲーム参加費 | B29: 増額 | C29: 予想売上枚数を変更したため
A30: ステージ出演料 | B30: 減額 | C30: 集金する団体数やそのステージの種類が予測と異なったため
... A32: 雑収入 | B32: 同額 | C32: 収入予測に変更がないため
A34: 4.2支出の部
A35: 科目 | B35: 二次予算 | C35: 一次予算 | D35: (二次予算)－(一次予算)
A36: 消耗品器具費 | B36: ='1.二次予算クロス集計'!L22 -> 2641423 | C36: ='2.一次予算クロス集計'!L22 -> 2579428 | D36: =B36-C36 -> 61995
A37: 通信運搬費 | B37: ='1.二次予算クロス集計'!L23 -> 689134 | C37: ='2.一次予算クロス集計'!L23 -> 747090 | D37: =B37-C37 -> -57956
A38: 交通費 | B38: ='1.二次予算クロス集計'!L24 -> 169926 | C38: ='2.一次予算クロス集計'!L24 -> 198780 | D38: =B38-C38 -> -28854
A39: 賃借料 | B39: ='1.二次予算クロス集計'!L25 -> 1369381 | C39: ='2.一次予算クロス集計'!L25 -> 1968247 | D39: =B39-C39 -> -598866
A40: 外注費 | B40: ='1.二次予算クロス集計'!L26 -> 9629120 | C40: ='2.一次予算クロス集計'!L26 -> 9601100 | D40: =B40-C40 -> 28020
A41: 謝礼費 | B41: ='1.二次予算クロス集計'!L27 -> 1971520 | C41: ='2.一次予算クロス集計'!L27 -> 1962820 | D41: =B41-C41 -> 8700
A42: 広告宣伝費 | B42: ='1.二次予算クロス集計'!L28 -> 1205510 | C42: ='2.一次予算クロス集計'!L28 -> 1216140 | D42: =B42-C42 -> -10630
A43: 支払保険料 | B43: ='1.二次予算クロス集計'!L29 -> 391640 | C43: ='2.一次予算クロス集計'!L29 -> 391640 | D43: =B43-C43 -> 0
A44: 支払手数料 | B44: ='1.二次予算クロス集計'!L30 -> 224669 | C44: ='2.一次予算クロス集計'!L30 -> 230564 | D44: =B44-C44 -> -5895
A45: 雑費 | B45: ='1.二次予算クロス集計'!L31 -> 468251 | C45: ='2.一次予算クロス集計'!L31 -> 474840 | D45: =B45-C45 -> -6589
A47: 支出の部比較詳細
A48: 消耗品器具費 | B48: 増額 | C48: 仮設分電盤を購入するため
A49: 通信運搬費 | B49: 減額 | C49: 一次予算と比較して契約するadobeライセンス数が減少したため
A50: 交通費 | B50: 減額 | C50: Tsukuba Trendsの人数が確定し、一次予算時点よりも減少したため
A51: 賃借料 | B51: 減額 | C51: Tsukuba Trendsで使用する衣装やスタジオの協賛が得られたため
A52: 外注費 | B52: 増額 | C52: 一次予算時点から値上げしているものがあるため
A53: 謝礼費 | B53: 増額 | C53: 業者への食事提供の数が増加したため
A54: 広告宣伝費 | B54: 減額 | C54: 雙峰祭公式パンフレットやリーフレットの印刷費が減少したため
A55: 支払保険料 | B55: 同額 | C55: 契約する保険に変更がないため
A56: 支払手数料 | B56: 減額 | C56: 1回にかかる振込手数料が減少したため
A57: 雑費 | B57: 減額 | C57: 実験予備費などに変動があったため

Sheet 5.前年度決算との比較
A1: 5.1収入の部
A2: 科目 | B2: 2026年度予算 | C2: 2025年度決算 | D2: (2026年度予算)－(2025年度決算)
A3: 利息 | B3: ='1.二次予算クロス集計'!L4 -> 36899 | C3: ='3.前年度決算クロス集計'!L4 -> 20334 | D3: =B3-C3 -> 16565
A4: 学園祭学生分担金 | B4: ='1.二次予算クロス集計'!L5 -> 5020725 | C4: ='3.前年度決算クロス集計'!L5 -> 5126781 | D4: =B4-C4 -> -106056
A5: 構成員援助金 | B5: ='1.二次予算クロス集計'!L6 -> 987000 | C5: ='3.前年度決算クロス集計'!L6 -> 983000 | D5: =B5-C5 -> 4000
A6: 協賛金 | B6: ='1.二次予算クロス集計'!L7 -> 3006666 | C6: ='3.前年度決算クロス集計'!L7 -> 3745227 | D6: =B6-C6 -> -738561
A7: 筑波大学紫峰会基金 | B7: ='1.二次予算クロス集計'!L8 -> 1000000 | C7: ='3.前年度決算クロス集計'!L8 -> 1000000 | D7: =B7-C7 -> 0
A8: 茗渓会援助金 | B8: ='1.二次予算クロス集計'!L9 -> 100000 | C8: ='3.前年度決算クロス集計'!L9 -> 100000 | D8: =B8-C8 -> 0
A9: 雙峰祭公式グッズ販売 | B9: ='1.二次予算クロス集計'!L10 -> 5213000 | C9: ='3.前年度決算クロス集計'!L10 -> 2647900 | D9: =B9-C9 -> 2565100
A10: 雙峰祭公式パンフレット販売 | B10: ='1.二次予算クロス集計'!L11 -> 600000 | C10: ='3.前年度決算クロス集計'!L11 -> 655400 | D10: =B10-C10 -> -55400
A11: 調理企画からの集金 | B11: ='1.二次予算クロス集計'!L12 -> 1630000 | C11: ='3.前年度決算クロス集計'!L12 -> 1336000 | D11: =B11-C11 -> 294000
A12: アーティスト招致企画チケット販売 | B12: ='1.二次予算クロス集計'!L13 -> 593500 | C12: ='3.前年度決算クロス集計'!L13 -> 418094 | D12: =B12-C12 -> 175406
A13: 謎解き脱出ゲーム参加費 | B13: ='1.二次予算クロス集計'!L14 -> 160000 | C13: ='3.前年度決算クロス集計'!L14 -> 183400 | D13: =B13-C13 -> -23400
A14: ステージ出演料 | B14: ='1.二次予算クロス集計'!L15 -> 351000 | C14: ='3.前年度決算クロス集計'!L15 -> 282000 | D14: =B14-C14 -> 69000
... A16: 雑収入 | B16: ='1.二次予算クロス集計'!L17 -> 0 | C16: ='3.前年度決算クロス集計'!L17 -> 390041 | D16: =B16-C16 -> -390041
A18: 収入の部比較詳細
A19: 利息 | B19: 増額 | C19: 預金額が増加したため
A20: 学園祭学生分担金 | B20: 減額 | C20: 2025年度は集金率が91％だったが、予算では90％で仮定しているため
A21: 構成員援助金 | B21: 増額 | C21: 2025年度よりも広報に力を入れているため
A22: 協賛金 | B22: 減額 | C22: クラウドファンディングを行わないため
A23: 筑波大学紫峰会基金 | B23: 同額 | C23: 2025年度と同様
A24: 茗渓会援助金 | B24: 同額 | C24: 2025年度と同様
A25: 雙峰祭公式グッズ販売 | B25: 増額 | C25: 2025年度と比べて種類や数を増やすため
A26: 雙峰祭公式パンフレット販売 | B26: 減額 | C26: 2025年度から部数を減らすため
A27: 調理企画からの集金 | B27: 増額 | C27: 集金額を値上げしたため
A28: アーティスト招致企画チケット販売 | B28: 増額 | C28: 2025年度よりも売上が増加することが見込まれるため
A29: 謎解き脱出ゲーム参加費 | B29: 減額 | C29: 2025年度よりも少ない人数の参加者数で予想しているため
A30: ステージ出演料 | B30: 増額 | C30: 出演料を値上げしたため
... A32: 雑収入 | B32: 減額 | C32: 毎年見込めるものではないため
A34: 5.2支出の部
A35: 科目 | B35: 2026年度予算 | C35: 2025年度決算 | D35: (2026年度予算)－(2025年度決算)
A36: 消耗品器具費 | B36: ='1.二次予算クロス集計'!L22 -> 2641423 | C36: ='3.前年度決算クロス集計'!L22 -> 1993954 | D36: =B36-C36 -> 647469
A37: 通信運搬費 | B37: ='1.二次予算クロス集計'!L23 -> 689134 | C37: ='3.前年度決算クロス集計'!L23 -> 358803 | D37: =B37-C37 -> 330331
A38: 交通費 | B38: ='1.二次予算クロス集計'!L24 -> 169926 | C38: ='3.前年度決算クロス集計'!L24 -> 57262 | D38: =B38-C38 -> 112664
A39: 賃借料 | B39: ='1.二次予算クロス集計'!L25 -> 1369381 | C39: ='3.前年度決算クロス集計'!L25 -> 1084274 | D39: =B39-C39 -> 285107
A40: 外注費 | B40: ='1.二次予算クロス集計'!L26 -> 9629120 | C40: ='3.前年度決算クロス集計'!L26 -> 7746398 | D40: =B40-C40 -> 1882722
A41: 謝礼費 | B41: ='1.二次予算クロス集計'!L27 -> 1971520 | C41: ='3.前年度決算クロス集計'!L27 -> 2552377 | D41: =B41-C41 -> -580857
A42: 広告宣伝費 | B42: ='1.二次予算クロス集計'!L28 -> 1205510 | C42: ='3.前年度決算クロス集計'!L28 -> 1296544 | D42: =B42-C42 -> -91034
A43: 支払保険料 | B43: ='1.二次予算クロス集計'!L29 -> 391640 | C43: ='3.前年度決算クロス集計'!L29 -> 206579 | D43: =B43-C43 -> 185061
A44: 支払手数料 | B44: ='1.二次予算クロス集計'!L30 -> 224669 | C44: ='3.前年度決算クロス集計'!L30 -> 247959 | D44: =B44-C44 -> -23290
A45: 雑費 | B45: ='1.二次予算クロス集計'!L31 -> 468251 | C45: ='3.前年度決算クロス集計'!L31 -> 291991 | D45: =B45-C45 -> 176260
A46: 雑損益 | B46: 0 | C46: ='3.前年度決算クロス集計'!L32 -> 4460 | D46: =B46-C46 -> -4460
A48: 支出の部比較詳細
A49: 消耗品器具費 | B49: 増額 | C49: 破損等の理由により購入物品が多いため
A50: 通信運搬費 | B50: 増額 | C50: 契約するadobeライセンス数が増加したため
A51: 交通費 | B51: 増額 | C51: レンタカーの借用数が増加したため
A52: 賃借料 | B52: 増額 | C52: 賃借する物品数が増えたため
A53: 外注費 | B53: 増額 | C53: 2025年度に比べて学園祭の規模を拡大するため
A54: 謝礼費 | B54: 減額 | C54: アーティスト招致企画の規模縮小のため
A55: 広告宣伝費 | B55: 減額 | C55: 2025年度に比べて雙峰祭オフィシャルポスターの印刷部数を減らすため
A56: 支払保険料 | B56: 増額 | C56: 契約する保険の種類が増加するため
A57: 支払手数料 | B57: 減額 | C57: クラウドファンディングを行わないため
A58: 雑費 | B58: 増額 | C58: 未確定分を含むため

Sheet 6.二次予算詳細収入の部
A1: ６.収入の部
A2: 科目 | B2: 委員長団 | C2: 財務局 | D2: 総務局 | E2: 広報宣伝局 | F2: 渉外局 | G2: 推進局 | H2: 総合計画局 | I2: 情報メディアシステム局 | J2: ステージ管理局 | K2: 本部企画局 | L2: 全体
A3: 繰入金 | B3: 0 | C3: 7863717 | D3: 0 | E3: 0 | F3: 0 | G3: 0 | H3: 0 | I3: 0 | J3: 0 | K3: 0 | L3: =SUM(B3:K3) -> 7863717
A4: 利息 | B4: 0 | C4: 33359 | D4: 0 | E4: 0 | F4: 3540 | G4: 0 | H4: 0 | I4: 0 | J4: 0 | K4: 0 | L4: =SUM(B4:K4) -> 36899
A5: 学園祭学生分担金 | B5: 0 | C5: =1229580+3791145 -> 5020725 | D5: 0 | E5: 0 | F5: 0 | G5: 0 | H5: 0 | I5: 0 | J5: 0 | K5: 0 | L5: =SUM(B5:K5) -> 5020725
A6: 構成員援助金 | B6: 0 | C6: 0 | D6: 0 | E6: 0 | F6: =B92 -> 987000 | G6: 0 | H6: 0 | I6: 0 | J6: 0 | K6: 0 | L6: =SUM(B6:K6) -> 987000
A7: 協賛金 | B7: 0 | C7: 0 | D7: 0 | E7: 0 | F7: =SUM(B82,B83,B84,B85,B86,B87,B88,B89,B90,B91,B93) -> 3006666 | G7: 0 | H7: 0 | I7: 0 | J7: 0 | K7: 0 | L7: =SUM(B7:K7) -> 3006666
A8: 筑波大学紫峰会基金 | B8: 0 | C8: 1000000 | D8: 0 | E8: 0 | F8: 0 | G8: 0 | H8: 0 | I8: 0 | J8: 0 | K8: 0 | L8: =SUM(B8:K8) -> 1000000
A9: 茗渓会援助金 | B9: 0 | C9: 100000 | D9: 0 | E9: 0 | F9: 0 | G9: 0 | H9: 0 | I9: 0 | J9: 0 | K9: 0 | L9: =SUM(B9:K9) -> 100000
A10: 雙峰祭公式グッズ販売 | B10: 0 | C10: 0 | D10: 0 | E10: =D111 -> 5213000 | F10: 0 | G10: 0 | H10: 0 | I10: 0 | J10: 0 | K10: 0 | L10: =SUM(B10:K10) -> 5213000
A11: 雙峰祭公式パンフレット販売 | B11: 0 | C11: 0 | D11: 0 | E11: =200*3000 -> 600000 | F11: 0 | G11: 0 | H11: 0 | I11: 0 | J11: 0 | K11: 0 | L11: =SUM(B11:K11) -> 600000
A12: 調理企画からの集金 | B12: 0 | C12: 0 | D12: 0 | E12: 0 | F12: 0 | G12: =5000*116+5000*210 -> 1630000 | H12: 0 | I12: 0 | J12: 0 | K12: 0 | L12: =SUM(B12:K12) -> 1630000
A13: アーティスト招致企画チケット販売 | B13: 0 | C13: 0 | D13: 0 | E13: 0 | F13: 0 | G13: 0 | H13: 0 | I13: 0 | J13: 0 | K13: =D129 -> 593500 | L13: =SUM(B13:K13) -> 593500
A14: 謎解き脱出ゲーム参加費 | B14: 0 | C14: 0 | D14: 0 | E14: 0 | F14: 0 | G14: 0 | H14: 0 | I14: 0 | J14: 0 | K14: 160000 | L14: =SUM(B14:K14) -> 160000
A15: ステージ出演料 | B15: 0 | C15: 0 | D15: 0 | E15: 0 | F15: 0 | G15: 0 | H15: 0 | I15: 0 | J15: =12000*23+3000*(14+11) -> 351000 | K15: 0 | L15: =SUM(B15:K15) -> 351000
A16: プロモーション協力費 | B16: 0 | C16: 0 | D16: 0 | E16: 0 | F16: 0 | G16: 0 | H16: 0 | I16: 0 | J16: 0 | K16: 93587 | L16: =SUM(B16:K16) -> 93587
A17: 雑収入 | B17: 0 | C17: 0 | D17: 0 | E17: 0 | F17: 0 | G17: 0 | H17: 0 | I17: 0 | J17: 0 | K17: 0 | L17: =SUM(B17:K17) -> 0
A18: 合計 | B18: =SUM(B3:B17) -> 0 | C18: =SUM(C3:C17) -> 14017801 | D18: =SUM(D3:D17) -> 0 | E18: =SUM(E3:E17) -> 5813000 | F18: =SUM(F3:F17) -> 3997206 | G18: =SUM(G3:G17) -> 1630000 | H18: =SUM(H3:H17) -> 0 | I18: =SUM(I3:I17) -> 0 | ... L18: =SUM(L3:L17) -> 26656094
A20: 利息
A21: 過去の決済資料、現在の金利から予測。
A23: 学園祭学生分担金
A24: 学群新入生及び編入生から集金する。
A25: 2026年度新入生及び編入生数2,277*600*0.90+2025年度以前の預かり金＝1,229,580+3,791,145で算出した。
A27: 構成員援助金
A28: 大学の先生方、大学職員の方からの寄付金
A30: 協賛金
A31: 一般協賛として雙峰祭公式パンフレット協賛、雙峰祭公式Web協賛、CM協賛、ステージ協賛、企団連協賛、ステ組協賛、雙峰祭公式SNS協賛、雙峰祭オフィシャルポスター協賛、配信バナー協賛、登録型協賛、ブース協賛を実施する。また、特殊協賛として構成員援助金、個人協賛を実施する。
A33: １.一般協賛
A34: 2026年度と同様もしくはそれに近い形態で開催された直近3回の学園祭における協賛金の平均をとる。
A35: 新型コロナウイルス感染症拡大による社会状況の変化も落ち着き、学園祭の開催状況も安定してきたことから2023年度と2024年度には平均協賛金は数値を変更せず平均協賛金を算出する。(一般協賛に限る)
... A80: 2026年度の渉外局の収入予測詳細は以下のとおりである。
A81: 協賛形態 | B81: 予想収入金額
A82: 雙峰祭公式パンフレット協賛 | B82: 550000
A83: 雙峰祭公式Web協賛 | B83: 200000
A84: CM協賛 | B84: 0
A85: ステージ協賛 | B85: 400000
A86: 企団連協賛・ステ組協賛 | B86: 40000
A87: 雙峰祭公式SNS協賛 | B87: 30000
A88: 雙峰祭オフィシャルポスター協賛 | B88: 50000
A89: 配信バナー協賛 | B89: 0
A90: ブース協賛 | B90: 500000
A91: その他 | B91: 850000
A92: 構成員援助金 | B92: 987000
A93: 個人協賛 | B93: 386666
A94: 合計 | B94: =SUM(B82:B93) -> 3993666
A96: 雙峰祭公式グッズ販売 | I96: 雙峰祭公式グッズ詳細
A97: 販売品名 | B97: 売上予想数 | C97: 販売価格 | D97: 予想売上価格合計 | E97: 原価(/個) | F97: 利益(/個) | G97: 利益 | I97: 販売品名 | J97: 販売内容
A98: ステッカー | B98: 354 | C98: 200 | D98: =B98*C98 -> 70800 | E98: 121 | F98: =C98-E98 -> 79 | G98: =B98*F98 -> 27966 | I98: 全セット | J98: ステッカー1種・缶バッジ1種・クリアファイル・キーホルダー・ぬいぐるみキーホルダー・トートバッグ・タオルハンカチ・パスケース・そぽたんの動く耳帽子・ぷくぷくシール
A99: 缶バッジ | B99: 104 | C99: 200 | D99: =B99*C99 -> 20800 | E99: 55 | F99: =C99-E99 -> 145 | G99: =B99*F99 -> 15080 | I99: ステッカーA＆缶バッジA | J99: ステッカー1種・缶バッジ1種
A100: クリアファイル | B100: 394 | C100: 300 | D100: =B100*C100 -> 118200 | E100: 132 | F100: =C100-E100 -> 168 | G100: =B100*F100 -> 66192 | I100: ステッカーB＆缶バッジB | J100: ステッカー1種・缶バッジ1種
A101: アクリルキーホルダー | B101: 284 | C101: 500 | D101: =B101*C101 -> 142000 | E101: 275 | F101: =C101-E101 -> 225 | G101: =B101*F101 -> 63900 | I101: 復刻ガチャ | J101: 2025年ファイル・2025年ボールペン・2025年ノート・2024年ファイル・2024年付箋・2021年トートバッグ
A102: そぽたんぬいぐるみキーホルダー | B102: 684 | C102: 2500 | D102: =B102*C102 -> 1710000 | E102: 1375 | F102: =C102-E102 -> 1125 | G102: =B102*F102 -> 769500
A103: トートバッグ | B103: 334 | C103: 1500 | D103: =B103*C103 -> 501000 | E103: 880 | F103: =C103-E103 -> 620 | G103: =B103*F103 -> 207080
A104: タオルハンカチ | B104: 254 | C104: 600 | D104: =B104*C104 -> 152400 | E104: 440 | F104: =C104-E104 -> 160 | G104: =B104*F104 -> 40640
A105: パスケース | B105: 84 | C105: 700 | D105: =B105*C105 -> 58800 | E105: 440 | F105: =C105-E105 -> 260 | G105: =B105*F105 -> 21840
A106: そぽたんの動く耳帽子 | B106: 684 | C106: 3000 | D106: =B106*C106 -> 2052000 | E106: 1705 | F106: =C106-E106 -> 1295 | G106: =B106*F106 -> 885780
A107: ぷくぷくシール | B107: 250 | C107: 700 | D107: =B107*C107 -> 175000 | E107: 462 | F107: =C107-E107 -> 238 | G107: =B107*F107 -> 59500
A108: 全セット | B108: 16 | C108: 8000 | D108: =B108*C108 -> 128000 | E108: =SUM(E98:E107) -> 5885 | F108: =C108-E108 -> 2115 | G108: =B108*F108 -> 33840
A109: ステッカー＆缶バッジセットA・B | B109: 30 | C109: 300 | D109: =B109*C109 -> 9000 | E109: =SUM(E98:E99) -> 176 | F109: =C109-E109 -> 124 | G109: =B109*F109 -> 3720
A110: 復刻ガチャ | B110: 250 | C110: 300 | D110: =B110*C110 -> 75000 | E110: 0 | F110: =C110-E110 -> 300 | G110: =B110*F110 -> 75000
A111: 合計 | B111: =SUM(B98:B110) -> 3722 | D111: =SUM(D98:D110) -> 5213000 | G111: =SUM(G98:G110) -> 2270038
A113: 復刻ガチャ
A114: 2025年度以前の商品を使用するため原価は0円とする。
A116: 雙峰祭公式パンフレット販売
A117: 1部200円として3,000部販売するとする。
A119: 調理企画からの集金
A120: 調理企画1団体ごとに5,000円を集金し、ガスボンベ1本あたり5,000円を集金する。(ガスボンベを1つ貸し出すごとにガスボンベの充填・検査代・新容器代・ゴムホース代がかかるため、合わせて5,000円と設定している)
A121: 対象の調理企画団体数は116、ガスボンベ貸出数は210となるため、5,000*116+5,000*210=1,630,000を収入とする。
A123: アーティスト招致企画チケット販売
A124: アーティスト招致企画でチケットを販売する。
A125: チケット種類 | B125: 予想販売枚数 | C125: 販売価格 | D125: 予想売上価格合計
A126: 筑波大生チケット | B126: 150 | C126: 2000 | D126: =B126*C126 -> 300000
A127: 学生チケット | B127: 13 | C127: 2500 | D127: =B127*C127 -> 32500
A128: 一般チケット | B128: 87 | C128: 3000 | D128: =B128*C128 -> 261000
A129: 合計 | B129: =SUM(B126:B128) -> 250 | D129: =SUM(D126:D128) -> 593500
A130: 1Aステージの収容人数を280～300、チケット販売枚数を250と仮定し、593,500円と予測する。
A132: 謎解き脱出ゲーム参加費
A133: 謎解き脱出ゲームへの参加者から200円ずつ参加費を集金する。
A134: 参加者を800人と仮定し、200*800=160,000と予測する。
A136: ステージ出演料
A137: ステージに出演する団体から出演料を集金する。
A138: UNITEDステージは12,000円、その他のステージでは3,000円を集金する。
A139: UNITEDステージに出演する団体数は23、1Aステージに出演する団体数は14、大学会館ステージに出演する団体数は11となったので、12,000*23+3,000*(14+11)=351,000円を収入とする。
A140: UNITEDステージの2025年度からの増収分3,000*23=69,000円は大学所有のステージの修理費として使用される。差額は諸経費として財務予算に繰り入れる。
A141: この場合、大学の会計上に学実委から大学へステージの修理費としてかかった金額分の役務を寄附したものとして記録される。
A143: プロモーション協力費
A144: 2025年度開催したTSUKUBA COLLECTIONを開催するにあたって、ファイナリストに企業を宣伝していただく対価として協賛金を得た。
... A148: 決算において未記入であった、2025年度以前の収入。

Sheet 7.二次予算詳細支出の部
A1: 委員長団
A2: 科目 | B2: 通し番号 | C2: 摘要 | D2: 単価 | E2: 数量 | F2: 単位 | G2: 合計金額 | H2: 購入予定月 | I2: 用途
A3: 通信運搬費 | B3: 1 | C3: Aruba AP-535 | D3: 25300 | E3: 1 | F3: 個 | G3: =D3*E3 -> 25300 | H3: 7月 | I3: 共同利用棟D106,207の2箇所にアクセスポイントを設置するため。
A4: 通信運搬費 小計 | G4: =SUM(G3) -> 25300
A6: 科目 | B6: 通し番号 | C6: 摘要 | D6: 単価 | E6: 数量 | F6: 単位 | G6: 合計金額 | H6: 購入予定月 | I6: 用途
A7: 賃借料 | B7: 2 | C7: 無線機本体(品番：TCP-D561) | D7: 1980 | E7: 50 | F7: 台 | G7: =D7*E7 -> 99000 | H7: 11月 | I7: 本祭期間において連絡手段として使うため。
B8: 3 | C8: 耳挿し式イヤホンマイク | E8: 50 | F8: 個 | G8: =D8*E8 -> 0 | H8: 11月 | I8: 本祭期間において連絡手段として使うため。
B9: 4 | C9: 連結式充電器(最大6連結) | E9: 50 | F9: 台 | G9: =D9*E9 -> 0 | H9: 11月 | I9: 無線機の充電に使うため。
B10: 5 | C10: 連結式充電器アダプター | E10: 14 | F10: 本 | G10: =D10*E10 -> 0 | H10: 11月 | I10: 無線機の充電に使うため。
B11: 6 | C11: 予備イヤホンマイク(耳挿し式) | E11: 3 | F11: 個 | G11: =D11*E11 -> 0 | H11: 11月 | I11: 使用していたものが故障したときの代わりとして使うため。
B12: 7 | C12: 予備バッテリー | E12: 1 | F12: 個 | G12: =D12*E12 -> 0 | H12: 11月 | I12: 使用していたものが故障したときの代わりとして使うため。
B13: 8 | C13: 電源タップ(6個口) | E13: 3 | F13: 個 | G13: =D13*E13 -> 0 | H13: 11月 | I13: 無線機の充電に使うため。
B14: 9 | C14: 無線機本体(品番：TCP-D561) | D14: 1980 | E14: 3 | F14: 台 | G14: =D14*E14 -> 5940 | H14: 11月 | I14: 学園祭運営研修会において連絡手段として使うため。
B15: 10 | C15: 耳挿し式イヤホンマイク | E15: 3 | F15: 個 | G15: =D15*E15 -> 0 | H15: 11月 | I15: 学園祭運営研修会において連絡手段として使うため。
B16: 11 | C16: 連結式充電器(最大6連結) | E16: 3 | F16: 台 | G16: =D16*E16 -> 0 | H16: 11月 | I16: 無線機の充電に使うため。
B17: 12 | C17: 連結式充電器アダプター | E17: 1 | F17: 本 | G17: =D17*E17 -> 0 | H17: 11月 | I17: 無線機の充電に使うため。
B18: 13 | C18: 予備イヤホンマイク(耳挿し式) | E18: 1 | F18: 個 | G18: =D18*E18 -> 0 | H18: 11月 | I18: 使用していたものが故障したときの代わりとして使うため。
B19: 14 | C19: 予備バッテリー | E19: 1 | F19: 個 | G19: =D19*E19 -> 0 | H19: 11月 | I19: 使用していたものが故障したときの代わりとして使うため。
B20: 15 | C20: SoftBank 601HW 20GB +追加バッテリー【2泊3日レンタル】 | D20: 440 | E20: 4 | F20: 台×3日 | G20: =D20*E20*3 -> 5280 | H20: 10月 | I20: 本部・案内所の円滑な運営のため。
A21: 賃借料 小計 | G21: =SUM(G7:G20) -> 110220
A23: 科目 | B23: 通し番号 | C23: 摘要 | D23: 単価 | E23: 数量 | F23: 単位 | G23: 合計金額 | H23: 購入予定月 | I23: 用途
A24: 支払手数料 | B24: 16 | C24: Wi-Fiレンタルどっとこむ SoftBank E5785 受取手数料 | D24: 1100 | E24: 1 | F24: 個 | G24: =D24*E24 -> 1100 | H24: 11月 | I24: Wi-Fiを受け取り・返却するため。
B25: 17 | C25: 振込手数料 | D25: 165 | E25: 1 | F25: 回 | G25: =D25*E25 -> 165 | H25: 11月 | I25: 無線機のレンタル料を振り込むため。
B26: 18 | C26: 振込手数料 | D26: 330 | E26: 1 | F26: 回 | G26: =D26*E26 -> 330 | H26: 7月 | I26: Aruba AP-535の代金を振り込むため。
A27: 支払手数料 小計 | G27: =SUM(G24:G26) -> 1595
A29: 科目 | B29: 通し番号 | C29: 摘要 | D29: 単価 | E29: 数量 | F29: 単位 | G29: 合計金額 | H29: 購入予定月 | I29: 用途
A30: 雑費 | B30: 19 | C30: 送料 | D30: 2000 | E30: 1 | F30: 回 | G30: =D30*E30 -> 2000 | H30: 9月 | I30: 無線機を返却するため。
B31: 20 | C31: ラベル | D31: 44 | E31: 50 | F31: 枚 | G31: =D31*E31 -> 2200 | H31: 11月 | I31: 借用する無線機にラベルを貼るため。
A32: 雑費 小計 | G32: =SUM(G30:G31) -> 4200
A34: 委員長団 合計 | G34: =SUM(G4+G21+G27+G32) -> 141315
A36: 財務局
A37: 科目 | B37: 番号 | C37: 摘要 | D37: 単価 | E37: 数量 | F37: 単位 | G37: 合計 | H37: 購入予定月 | I37: 用途
A38: 消耗品器具費 | B38: 1 | C38: 決済端末購入費 | D38: 15000 | E38: 1 | F38: セット | G38: =D38*E38 -> 15000 | H38: 9月~10月 | I38: パンフレットやグッズなどの購入をスムーズにするため。
A39: 消耗品器具費 小計 | G39: =SUM(G38) -> 15000
A41: 科目 | B41: 番号 | C41: 摘要 | D41: 単価 | E41: 数量 | F41: 単位 | G41: 合計 | H41: 購入予定月 | I41: 用途
A42: 支払保険料 | B42: 2 | C42: 施設管理者賠償責任保険 | D42: 5000 | E42: 1 | F42: 回 | G42: =D42*E42 -> 5000 | H42: 10月 | I42: 筑波大学周辺の歩道橋に設置する、学実委所有の横断幕を対象とする保険のため。
B43: 3 | C43: 施設管理者賠償責任保険 | D43: 10640 | E43: 1 | F43: 回 | G43: =D43*E43 -> 10640 | H43: 10月 | I43: 来場者やその所持品に対し学実委側の不手際によって発生した賠償責任を対象とする保険のため。
B44: 4 | C44: 生産物賠償責任保険 | D44: 95000 | E44: 1 | F44: 回 | G44: =D44*E44 -> 95000 | H44: 10月 | I44: 学園祭で販売された飲食物が原因で発生した賠償責任を対象とする保険のため。
B45: 5 | C45: 動産総合保険 | D45: 100000 | E45: 1 | F45: 回 | G45: =D45*E45 -> 100000 | H45: 10月 | I45: 企画団体が学実委から借用した機材等を破損させた場合の賠償または学実委が運営に必要な機材 等を破損させた場合の補償を受けるための保険のため。
B46: 6 | C46: 普通傷害保険 | D46: 20000 | E46: 1 | F46: 回 | G46: =D46*E46 -> 20000 | H46: 10月 | I46: ステージ出演者及び、準備日、本祭当日、片付け日の業務に参加する学実委、学実委業務協力者のうち運営中に発生した傷病者を対象とする保険のため。
B47: 7 | C47: 興行中止保険 | D47: 150000 | E47: 1 | F47: 回 | G47: =D47*E47 -> 150000 | H47: 10月 | I47: 「アーティスト招致企画」が中止となり、チケット代を返金する場合、それに関連する損失を補填するための保険のため。
A48: 支払保険料 小計 | G48: =SUM(G42:G47) -> 380640
A50: 科目 | B50: 番号 | C50: 摘要 | D50: 単価 | E50: 数量 | F50: 単位 | G50: 合計 | H50: 購入予定月 | I50: 用途
A51: 支払手数料 | B51: 8 | C51: 硬貨取扱料金 | D51: 8800 | E51: 1 | F51: 回 | G51: =D51*E51 -> 8800 | H51: 11月 | I51: パンフレット等の売上金を口座に収めるため。
B52: 9 | C52: 決済手数料 | D52: 197000 | E52: 1 | F52: 回 | G52: =D52*E52 -> 197000 | H52: 11月 | I52: キャッシュレス決済利用時の決済手数料を支払うため。
A53: 支払手数料 小計 | G53: =SUM(G51:G52) -> 205800
A55: 科目 | B55: 番号 | C55: 摘要 | D55: 単価 | E55: 数量 | F55: 単位 | G55: 合計 | H55: 購入予定月 | I55: 用途
A56: 予備費 | B56: 10 | C56: 当期繰越金 | D56: 7895520 | E56: 1 | F56: 個 | G56: =D56*E56 -> 7895520 | H56: 12月 | I56: 来年度の学園祭の為に繰越金を用意する必要があるため。
A57: 予備費 小計 | G57: =SUM(G56) -> 7895520
A59: 財務局 合計 | G59: =SUM(G39,G48,G53,G57) -> 8496960
A61: 広報宣伝局
A62: 科目 | B62: 番号 | C62: 摘要 | D62: 単価 | E62: 数量 | F62: 単位 | G62: 合計 | H62: 購入予定月 | I62: 用途
A63: 消耗品器具費 | B63: 1 | C63: A3カラーボード | D63: 110 | E63: 9 | F63: 枚 | G63: =D63*E63 -> 990 | H63: 5月 | I63: そぽたん展で使用するため。
B64: 2 | C64: 横断幕・懸垂幕日付シール | D64: 10000 | E64: 1 | F64: 個 | G64: =D64*E64 -> 10000 | H64: 10月 | I64: 学園祭の周知のため。
A65: 消耗品器具費 小計 | G65: =SUM(G63:G64) -> 10990
A67: 科目 | B67: 番号 | C67: 摘要 | D67: 単価 | E67: 数量 | F67: 単位 | G67: 合計 | H67: 購入予定月 | I67: 用途
A68: 通信運搬費 | B68: 3 | C68: 学生・教職員向け Creative Cloud コンプリートプラン(12か月分) | D68: 26162 | E68: 12 | F68: ライセンス | G68: =D68*E68 -> 313944 | H68: 6月 | I68: 名刺・ポスター・パンフレット等デザイン全般で使用するため。
B69: 4 | C69: 学生・教職員向け Creative Cloud コンプリートプラン(7か月分) | D69: 15260 | E69: 5 | F69: ライセンス | G69: =D69*E69 -> 76300 | H69: 6月~12月 | I69: 名刺・ポスター・パンフレット等デザイン全般で使用するため。
B70: 5 | C70: 学生・教職員向け Creative Cloud コンプリートプラン(5か月分) | D70: 7300 | E70: 1 | F70: ライセンス | G70: =D70*E70 -> 7300 | H70: 7月~11月 | I70: 名刺・ポスター・パンフレット等デザイン全般で使用するため。
B71: 6 | C71: Adobe Creative Cloud コンプリートプラン 解約手数料 | D71: 5450 | E71: 5 | F71: ライセンス | G71: =D71*E71 -> 27250 | H71: 12月 | I71: 名刺・ポスター・パンフレット等デザイン全般で使用するため。
B72: 7 | C72: Adobe Creative Cloud コンプリートプラン 解約手数料 | D72: 7560 | E72: 1 | F72: ライセンス | G72: =D72*E72 -> 7560 | H72: 12月 | I72: 名刺・ポスター・パンフレット等デザイン全般で使用するため。
A73: 通信運搬費 小計 | G73: =SUM(G68:G72) -> 432354
A75: 科目 | B75: 番号 | C75: 摘要 | D75: 単価 | E75: 数量 | F75: 単位 | G75: 合計 | H75: 購入予定月 | I75: 用途
A76: 賃借料 | B76: 8 | C76: Wi-FiレンタルどっとこむSoftbank E5785 無制限 | D76: 1099 | E76: 1 | F76: セット | G76: =D76*E76 -> 1099 | H76: 11月 | I76: グッズ販売所でのレジ使用のため。
A77: 賃借料 小計 | G77: =SUM(G76) -> 1099
A79: 科目 | B79: 番号 | C79: 摘要 | D79: 単価 | E79: 数量 | F79: 単位 | G79: 合計 | H79: 購入予定月 | I79: 用途
A80: 外注費 | B80: 9 | C80: ステッカー | D80: 121 | E80: 400 | F80: 枚 | G80: =D80*E80 -> 48400 | H80: 7月 | I80: 販売のため。
B81: 10 | C81: 缶バッジ | D81: 55 | E81: 200 | F81: 枚 | G81: =D81*E81 -> 11000 | H81: 7月 | I81: 販売のため。
B82: 11 | C82: クリアファイル | D82: 132 | E82: 1200 | F82: 個 | G82: =D82*E82 -> 158400 | H82: 7月 | I82: 販売・協賛の返礼品のため。
B83: 12 | C83: アクリルキーホルダー | D83: 275 | E83: 300 | F83: 枚 | G83: =D83*E83 -> 82500 | H83: 7月 | I83: 販売のため。
B84: 13 | C84: そぽたんぬいぐるみキーホルダー | D84: 1375 | E84: 700 | F84: 個 | G84: =D84*E84 -> 962500 | H84: 7月 | I84: 販売のため。
B85: 14 | C85: トートバッグ | D85: 880 | E85: 350 | F85: 個 | G85: =D85*E85 -> 308000 | H85: 7月 | I85: 販売のため。
B86: 15 | C86: タオルハンカチ | D86: 440 | E86: 350 | F86: 個 | G86: =D86*E86 -> 154000 | H86: 7月 | I86: 販売・協賛の返礼品のため。
B87: 16 | C87: パスケース | D87: 440 | E87: 150 | F87: 個 | G87: =D87*E87 -> 66000 | H87: 7月 | I87: 販売・協賛の返礼品のため。
B88: 17 | C88: そぽたんの動く耳帽子 | D88: 1705 | E88: 700 | F88: 個 | G88: =D88*E88 -> 1193500 | H88: 11月 | I88: 販売のため。なお、売れた分のみ代金を支払うため合計が減少する可能性がある。
B89: 18 | C89: ぷくぷくシール | D89: 462 | E89: 500 | F89: 枚 | G89: =D89*E89 -> 231000 | H89: 11月 | I89: 販売のため。なお、売れた分のみ代金を支払うため合計が減少する可能性がある。
B90: 19 | C90: ホログラムステッカー | D90: 132 | E90: 100 | F90: 個 | G90: =D90*E90 -> 13200 | H90: 7月 | I90: 協賛の返礼品のため。
B91: 20 | C91: サンプル試作 | D91: 33000 | E91: 10 | F91: 個 | G91: =D91*E91 -> 330000 | H91: 7月 | I91: 販売する製品の規格、デザインとの互換性を確認するため。
A92: 外注費 小計 | G92: =SUM(G80:G91) -> 3558500
A94: 科目 | B94: 番号 | C94: 摘要 | D94: 単価 | E94: 数量 | F94: 単位 | G94: 合計 | H94: 購入予定月 | I94: 用途
A95: 謝礼費 | B95: 21 | C95: テーマ考案者への謝礼 | D95: 1000 | E95: 1 | F95: 枚 | G95: 1000 | H95: 10月 | I95: テーマ考案者へ図書カードを進呈するため。
A96: 謝礼費 小計 | G96: =SUM(G95) -> 1000
A98: 科目 | B98: 番号 | C98: 摘要 | D98: 単価 | E98: 数量 | F98: 単位 | G98: 合計 | H98: 購入予定月 | I98: 用途
A99: 広告宣伝費 | B99: 22 | C99: A2オフィシャルポスター | D99: 62.8 | E99: 100 | F99: 部 | G99: =D99*E99 -> 6280 | H99: 9月 | I99: 学外への学園祭開催の周知のため。
B100: 23 | C100: A4オフィシャルポスター | D100: 4.275 | E100: 400 | F100: 部 | G100: =D100*E100 -> 1710 | H100: 9月 | I100: 学外への学園祭開催の周知のため。
B101: 24 | C101: B2オフィシャルポスター | D101: 1018 | E101: 10 | F101: 部 | G101: =D101*E101 -> 10180 | H101: 9月 | I101: 学外への学園祭開催の周知のため。
B102: 25 | C102: 駅ポスター掲示費 | D102: 45100 | E102: 1 | F102: 回 | G102: =D102*E102 -> 45100 | H102: 10月 | I102: 学外への学園祭開催の周知のため。
B103: 26 | C103: オフィシャルパンフレット印刷費 | D103: 248.6 | E103: 4000 | F103: 部 | G103: =D103*E103 -> 994400 | H103: 10月 | I103: 学園祭来場者に企画・場所等の周知をするため。
B104: 27 | C104: リーフレット印刷費 | D104: 18.48 | E104: 8000 | F104: 枚 | G104: =D104*E104 -> 147840 | H104: 10月 | I104: 学園祭来場者に企画・場所等の周知をするため。
A105: 広告宣伝費 小計 | G105: =SUM(G99:G104) -> 1205510
A107: 科目 | B107: 番号 | C107: 摘要 | D107: 単価 | E107: 数量 | F107: 単位 | G107: 合計 | H107: 購入予定月 | I107: 用途
A108: 支払手数料 | B108: 28 | C108: パンフレット印刷費用の振込手数料 | D108: 165 | E108: 1 | F108: 回 | G108: =D108*E108 -> 165 | H108: 10月 | I108: パンフレット印刷費の支払いのため。
B109: 29 | C109: オフィシャルポスター振込手数料 | D109: 165 | E109: 1 | F109: 回 | G109: =D109*E109 -> 165 | H109: 8月 | I109: オフィシャルポスターの支払いのため。(電信払込み)
B110: 30 | C110: 駅ポスター掲示費振込手数料 | D110: 165 | E110: 1 | F110: 回 | G110: =D110*E110 -> 165 | H110: 10月 | I110: 駅ポスター掲示費用の支払いのため。
B111: 31 | C111: グッズ振込手数料 | D111: 165 | E111: 2 | F111: 回 | G111: =D111*E111 -> 330 | H111: 7月、11月 | I111: グッズの支払いのため。
B112: 32 | C112: スタッフウェア振込手数料 | D112: 165 | E112: 1 | F112: 回 | G112: =D112*E112 -> 165 | H112: 10月 | I112: スタッフウェアの支払いのため。
B113: 33 | C113: Wi-FiレンタルどっとこむSoftbank E5785 無制限 受取手数料 | D113: 550 | E113: 1 | F113: 回 | G113: =D113*E113 -> 550 | H113: 10月 | I113: Wi-Fiを受け取るため。
B114: 34 | C114: Wi-FiレンタルどっとこむSoftbank E5785 無制限 返却手数料 | D114: 517 | E114: 1 | F114: 回 | G114: =D114*E114 -> 517 | H114: 10月 | I114: Wi-Fiを返却するため。
A115: 支払手数料 小計 | G115: =SUM(G108:G114) -> 2057
A117: 科目 | B117: 番号 | C117: 摘要 | D117: 単価 | E117: 数量 | F117: 単位 | G117: 合計 | H117: 購入予定月 | I117: 用途
...

Sheet 8.雨天時変更
A1: 8.雨天時変更
A2: なし
